 Dungeon Crawl Stone Soup version 0.29.1-1-gd02db6906a (webtiles) character file.

Game seed: 14844089923581554897

48 Earthwalker the Firebug (level 3, -1/26 HPs)
             Began as a Demigod Fire Elementalist on Oct 3, 2022.
             Killed from afar by an orc wizard (6 damage)
             ... with a puff of flame
             ... on level 3 of the Dungeon.
             The game lasted 00:18:33 (1570 turns).

Earthwalker the Firebug (Demigod Fire Elementalist) Turns: 1570, Time: 00:18:40

Health: -1/26      AC:  7    Str:  9    XL:     3   Next: 30%
Magic:  4/9        EV: 10    Int: 21    God:
Gold:   77         SH:  0    Dex: 14    Spells: 5/6 levels left

rFire   . . .      SeeInvis +   g - +0 club
rCold   + . .      Faith    .   (no shield)
rNeg    . . .      Spirit   .   n - +2 ring mail {rC+}
rPois   .          Reflect  .   (no helmet)
rElec   .          Harm     .   (no cloak)
rCorr   .          Rampage  .   (no gloves)
Will    .....                   (no boots)
Stlth   +.........              y - amulet of regeneration
HPRegen 0.88/turn               m - ring of flight
MPRegen 0.11/turn               h - ring of see invisible

@: flying, very slightly contaminated
A: high MP 1, forlorn, divine attributes
a: no special abilities


You were on level 3 of the Dungeon.
You visited 1 branch of the dungeon, and saw 3 of its levels.

You collected 77 gold pieces.

Inventory:

Hand Weapons
 c - a +0 dagger
 d - a +0 hand axe
 e - a +0 dagger
 g - a +0 club (weapon)
 k - a +0 dagger
 p - a +0 whip
 s - a +0 spear
 w - a +0 short sword
 x - a +0 club
 z - a +0 dagger
Missiles
 i - 16 stones
 j - 6 boomerangs
 r - 2 atropa-tipped darts
 v - 4 poisoned darts
Armour
 a - a +0 robe
 n - a +2 ring mail of cold resistance (worn)
 t - a +0 robe
 u - a +0 kite shield
Magical Staves
 l - a staff of air
Jewellery
 h - a ring of see invisible (right hand)
 m - a ring of flight (left hand)
 q - an amulet of magic regeneration
 y - an amulet of regeneration (around neck)
Potions
 b - a potion of magic
 o - a potion of invisibility


   Skills:
 + Level 0.1 Axes
 + Level 0.3 Staves
 + Level 0.6 Armour
 + Level 2.0 Dodging
 + Level 1.8 Stealth
 + Level 2.3 Spellcasting
 + Level 1.2 Conjurations
 + Level 3.1 Fire Magic


You had 5 spell levels left.
You knew the following spells:

 Your Spells              Type           Power      Damage    Failure   Level
a - Foxfire               Conj/Fire      44%        2x1d6     16%         1

Your spell library contained the following spells:

 Spells                   Type           Power      Damage    Failure   Level
 Scorch                   Fire           30%        2d7       17%         2
 Conjure Flame            Conj/Fire      11%        6-21      43%         3
 Inner Flame              Hex/Fire       9%         N/A       54%         3
 Flame Wave               Conj/Fire      11%        2d6       85%         4


Dungeon Overview and Level Annotations

Branches:
Dungeon (3/15)


Innate Abilities, Weirdness & Mutations

You have an increased reservoir of magic. (+10% MP)
You shall have no god before yourself.
Your divine heritage dramatically boosts your attributes as you level up.


Message History

The orc wizard hits you with a +2 vampiric dagger.
* * * LOW HITPOINT WARNING * * *
The orc wizard draws strength from your wounds!
You hit the orc wizard.
The orc wizard is severely wounded.
The orc wizard hits you with a +2 vampiric dagger.
* * * LOW HITPOINT WARNING * * *
You hit the orc wizard but do no damage.
The orc wizard is severely wounded.
The orc wizard barely misses you.
Your foxfire dissipates!
The orc wizard hits you but does no damage.
The orc wizard attacks as you move away!
The orc wizard hits you but does no damage.
The orc wizard gestures at you while chanting.
You are confused.
You bump into the rock wall.
The orc wizard gestures wildly while chanting.
The orc wizard flickers and vanishes for a moment.
You're too confused to cast spells.
Your magical contamination has completely faded away.
You're too confused to cast spells.
You're too confused to cast spells.
The orc wizard gestures at you while chanting.
The magic dart hits you.
* * * LOW HITPOINT WARNING * * *
You barely miss the orc wizard.
The orc wizard is severely wounded.
You feel less confused. The orc wizard barely misses you.
The orc wizard hits you with a +2 vampiric dagger.
* * * LOW HITPOINT WARNING * * *
Casting: Foxfire (safe; 16% risk of failure)
Confirm with . or Enter, or press ? or * to list all spells.
You miscast Foxfire.
You are very lightly contaminated with residual magic.
Nothing appears to happen.
The orc wizard points at you and mumbles some strange words.
The puff of flame hits you.
You die...

#.# ..# #.# #.# ####)####
#.# #.......# #.#
#.##.##.# #.# #.##)##.##
#.# #.##.....# ##.#
#.#####.o###..#########..
#.......@##..............
########....######..###..
###### ##.....# #.###.#
#.# .. #.###.# #.....#
###..## ##.#


You could see an orc wizard (invisible).

Vanquished Creatures
  A dart slug (D:1)
  4 orcs (D:3)
  3 bats (D:1)
  3 endoplasms
  4 giant cockroaches (D:1)
  2 hobgoblins (D:1)
  2 jackals (D:1)
  4 kobolds
  2 quokkas
  4 ball pythons
  2 frilled lizards (D:2)
  5 goblins
  3 rats
39 creatures vanquished.

Vanquished Creatures (others)
  119 foxfires
119 creatures vanquished.

Grand Total: 158 creatures vanquished

Notes
Turn   | Place    | Note
-------+----------+-------------------------------------------
     0 | D:1      | Earthwalker the Demigod Fire Elementalist began the quest
                  | for the Orb.
     0 | D:1      | Reached XP level 1. HP: 14/14 MP: 5/5
    91 | D:1      | Reached skill level 1 in Conjurations
   253 | D:1      | Reached XP level 2. HP: 20/20 MP: 1/7
   349 | D:1      | Reached skill level 3 in Fire Magic
  1134 | D:2      | Reached XP level 3. HP: 24/26 MP: 6/8
  1558 | D:3      | HP: 1/26 [orc wizard/+2 vampiric dagger (5)]
  1570 | D:3      | Killed from afar by an orc wizard

Illustrated notes

Levels and vault maps discovered:
D:1:      lemuel_arrival_broad_hall, layout_rooms,
          shapermc_ecumenical_altar_starsandcircs, serial_aquarium,
          aquarium_bridge_straight [aquarium_subvault_bridge,
          aquarium_subvault_wall, aquarium_subvault_bridge,
          aquarium_subvault_wall], aquarium_bridge_straight
          [aquarium_subvault_bridge, aquarium_subvault_window,
          aquarium_subvault_bridge, aquarium_subvault_wall], aquarium_window_1,
          aquarium_window_corridor_1, aquarium_view_2a, aquarium_pool_2
D:2:      layout_basic, minmay_misc_feat_rows
D:3:      layout_loops_cross, mainiacjoe_overflow_surrounded_room,
          dk_noncrumbling_4, minivault_27, kennysheep_doodads,
          nicolae_elevator_lobby_asterisk

Skill      XL: |  1  2 |
---------------+-------+-----
Conjurations   | 1 |  1.2
Spellcasting   | 2 |  2.3
Fire Magic     | 3 |  3.1
Dodging        | 2 |  2.0
Axes           | |  0.1
Staves         | |  0.3
Armour         | |  0.6
Stealth        | |  1.8

Action                   || total
-------------------------++-------
Melee: Hand axe          ||     6
       Staff             ||    17
       Club              ||    42
 Cast: Foxfire           ||    84
  Use: Scroll            ||     2
       Potion            ||     1
Armor: Robe              ||     2
       Ring mail         ||    63
Dodge: Dodged            ||    83
